 Dungeon Crawl Stone Soup version 0.30-a0-377-g5cb311bc9f (webtiles) character file.

Game seed: 6716352321135941849

457 Lobster4 the Grasshopper (level 7, -4/52 HPs)
             Began as a Human Warper on Nov 29, 2022.
             Was an Initiate of Fedhas.
             Slain by a killer bee (7 damage)
             ... on level 5 of the Dungeon.
             The game lasted 00:15:35 (4367 turns).

Lobster4 the Grasshopper (Human Warper)             Turns: 4367, Time: 00:15:35

Health: -4/52      AC:  5    Str: 11    XL:     7   Next: 27%
Magic:  11/11      EV: 12    Int: 16    God:    Fedhas [......]
Gold:   203        SH:  0    Dex: 12    Spells: 6/12 levels left

rFire   . . .      SeeInvis .    q - +0 hand axe (venom)
rCold   + . .      Faith    .    (no shield)
rNeg    . . .      Spirit   .    r - +0 leather armour {rC+}
rPois   .          Reflect  .    (no helmet)
rElec   .          Harm     .    (no cloak)
rCorr   .          Rampage  .    (no gloves)
Will    .....                    i - +1 pair of boots
Stlth   +.........               (no amulet)
HPRegen 0.28/turn                n - ring of wizardry
MPRegen 0.12/turn                (no ring)

@: lethally poisoned (-4 -> -11), about to teleport, flying
A: no striking features
a: Renounce Religion


You were on level 5 of the Dungeon.
You worshipped Fedhas.
Fedhas was noncommittal.
You visited 2 branches of the dungeon, and saw 6 of its levels.

You collected 203 gold pieces.

Inventory:

Hand Weapons
 a - the +4 war axe "Cuckar Lex" {drain, rElec rPois Str+2}
   (You found it on level 5 of the Dungeon)

   A truly terrible weapon, it drains the life of any living foe it strikes.
   Str:       It affects your strength (+2).
   rElec:     It insulates you from electricity.
   rPois:     It protects you from poison.
 q - a +0 hand axe of venom (weapon)
Missiles
 d - 10 boomerangs of dispersal (quivered)
 t - 3 poisoned darts
Armour
 i - a +1 pair of boots (worn)
 o - a +0 ring mail
 r - a +0 leather armour of cold resistance (worn)
 u - a +0 helmet
Jewellery
 n - a ring of wizardry (left hand)
Scrolls
 b - a scroll of brand weapon
 s - a scroll of enchant armour
Potions
 e - a potion of degeneration {unknown}
 f - a potion of heal wounds {unknown}
 g - a potion of mutation {unknown}
 h - a potion of flight
 j - a potion of curing
 k - a potion of berserk rage {unknown}
 l - a potion of might {unknown}
 m - a potion of lignification {unknown}


   Skills:
 + Level 3.1 Fighting
 + Level 2.6 Axes
 + Level 2.7 Throwing
 + Level 2.7 Armour
 - Level 3.0 Dodging
 + Level 3.0 Spellcasting
 + Level 1.8 Necromancy
 + Level 4.0 Translocations
 + Level 1.0 Invocations


You had 6 spell levels left.
You knew the following spells:

 Your Spells              Type           Power      Damage    Failure   Level
a - Necrotise             Necr           32%        1d5       4%          1
b - Blink                 Tloc           30%        N/A       2%          2
c - Teleport Other        Tloc           15%        N/A       6%          3

Your spell library contained the following spells:

 Spells                   Type           Power      Damage    Failure   Level
 Apportation              Tloc           30%        N/A       1%          1
 Lesser Beckoning         Tloc           30%        N/A       6%          3
 Vhi's Electric Charge    Tloc/Air       16%        N/A       12%         3
 Vampiric Draining        Necr           8%         2d6       13%         3
 Manifold Assault         Tloc           15%        N/A       17%         4
 Hailstorm                Conj/Ice       2%         3d3       26%         3
 Ice Form                 Ice/Tmut       2%         N/A       65%         4
 Agony                    Necr           8%         N/A       73%         5
 Alistair's Intoxication  Tmut/Pois      1%         N/A       92%         5
 Freezing Cloud           Conj/Ice/Air   1%         6-21      92%         5
 Simulacrum               Ice/Necr       2%         N/A       100%        6
 Polar Vortex             Ice            1%         N/A       100%        9


Dungeon Overview and Level Annotations

Branches:
Dungeon (5/15)             Temple (1/1) D:4

Altars:
Ashenzari
Cheibriados
Fedhas
Hepliaklqana
Kikubaaqudgha
Makhleb
Nemelex Xobeh
Qazlal
Sif Muna
Uskayaw
Wu Jian
Yredelemnul
Zin
The Shining One

Shops:
D:1 ?   D:5 *

Annotations:
D:3 1 runed translucent door, Crazy Yiuf


Message History

The killer bee stings you.
* * * LOW HITPOINT WARNING * * *
The killer bee stings you.
* * * LOW HITPOINT WARNING * * *
It was a potion of flight.
You feel very buoyant.
You fly up into the air.
The killer bee stings you but does no damage. x2
The killer bee barely misses you.
The killer bee stings you but does no damage.
Blink to where?
Press: ? - help, Dir - move target
As you read the scroll of blinking, it crumbles to dust.
It was a potion of curing.
You feel better.
Your +0 hand axe of venom begins to drip with poison!
q - a +0 hand axe of venom (weapon)
As you read the scroll of teleportation, it crumbles to dust.
You feel strangely unstable.
The killer bee stings you but does no damage.
You miss the killer bee.
The killer bee is lightly wounded.
The killer bee misses you.
The killer bee stings you but does no damage.
The killer bee misses you. The killer bee closely misses you.
The killer bee stings you!
* * * LOW HITPOINT WARNING * * *
You are lethally poisoned!
The killer bee poisons you! The killer bee misses you.
Okay, then.
You hit the killer bee.
The killer bee is poisoned.
The killer bee is moderately wounded.
You miss the killer bee. You hit the killer bee.
* * * LOW HITPOINT WARNING * * *
You feel very sick. The killer bee misses you.
The killer bee barely misses you. The killer bee stings you.
* * * LOW HITPOINT WARNING * * *
The killer bee stings you!
You die...
Fedhas appreciates your contribution to the ecosystem.

###...............#.......
......8.....8.............
##.......................
#....8.....8.............
#........................
#......8.8...............
##...........#...........
###.....#####...........
#)...y@y# #...........
#..#.#yy## ##..........
...##.#...#..# ##.........
........†.∩....#
##........
........#...#..# ##.......
......#..#.#...# #.##....
......#........## .#
.....#########..# .##
..... ##.#######..##


You could see 4 killer bees.

Vanquished Creatures
  A scorpion (D:5)
  A howler monkey (D:5)
  A hound (D:5)
  A jelly (D:5)
  An orc priest (D:4)
  An orc wizard (D:2)
  10 gnolls
  6 adders
  An ufetubus (D:5)
  2 worms
  A dart slug (D:4)
  8 orcs
  6 ball pythons
  6 bats
  6 endoplasms
  4 giant cockroaches
  4 goblins
  5 hobgoblins
  3 jackals (D:2)
  3 quokkas
  5 frilled lizards
  4 kobolds
  A rat (D:1)
81 creatures vanquished.

Vanquished Creatures (collateral kills)
  A gnoll (D:5)
1 creature vanquished.

Vanquished Creatures (others)
  2 plants (D:1)
  5 toadstools (D:1)
7 creatures vanquished.

Grand Total: 89 creatures vanquished

Notes
Turn   | Place    | Note
-------+----------+-------------------------------------------
     0 | D:1      | Lobster4 the Human Warper began the quest for the Orb.
     0 | D:1      | Reached XP level 1. HP: 16/16 MP: 3/3
   205 | D:1      | Found a faded altar of an unknown god.
   314 | D:1      | Reached XP level 2. HP: 20/22 MP: 5/5
   359 | D:1      | Learned a level 2 spell: Blink
   378 | D:1      | Found Tiet's Magic Scroll Shoppe.
   883 | D:2      | Reached XP level 3. HP: 14/27 MP: 6/6
  1217 | D:2      | Reached XP level 4. HP: 30/34 MP: 7/7
  1851 | D:3      | Learned a level 1 spell: Necrotise
  2095 | D:3      | Reached XP level 5. HP: 39/39 MP: 8/8
  2621 | D:3      | Reached skill level 1 in Necromancy
  2737 | D:3      | Reached XP level 6. HP: 28/46 MP: 8/10
  2863 | D:3      | Found a runed translucent door.
  2864 | D:3      | Noticed Crazy Yiuf
  3272 | D:4      | Learned a level 3 spell: Teleport Other
  3387 | D:4      | Found a burning altar of Makhleb.
  3787 | D:4      | Found a staircase to the Ecumenical Temple.
  3797 | Temple   | Entered the Ecumenical Temple
  3986 | Temple   | Became a worshipper of Fedhas Madash
  4127 | D:5      | Entered Level 5 of the Dungeon
  4146 | D:5      | Found a hide-covered altar of Uskayaw.
  4164 | D:5      | Reached XP level 7. HP: 49/52 MP: 6/11
  4270 | D:5      | Identified the +4 war axe "Cuckar Lex" {drain, rElec rPois
                  | Str+2}
  4290 | D:5      | Found Ariwod's Overcharged Wands.
  4306 | D:5      | Reached skill level 4 in Translocations
  4306 | D:5      | Reached skill level 1 in Invocations
  4367 | D:5      | Slain by a killer bee

Illustrated notes

Levels and vault maps discovered:
D:1:      ldierk_walled_garden, layout_loops_ring, serial_forest,
          infiniplex_forest_clump_long, infiniplex_forest_lined_2,
          infiniplex_forest_join, infiniplex_forest_end_2,
          infiniplex_forest_straight_2, infiniplex_forest_clump_long,
          serial_shops, shop, dreamdust_ecumenical_altar_statues
D:2:      layout_loops_ring
D:3:      layout_basic, hex_intersection, uniq_crazy_yiuf_cottage
D:4:      layout_loops_ring, lightli_temple_of_fire,
          minmay_temple_entry_proselytizer
D:5:      layout_cave_pods, nicolae_uskayaw_dance_hall,
          mainiacjoe_overflow_concentric_impassable,
          mainiacjoe_overflow_large_starburst, serial_shops, shop,
          gup_ossuary_entry_pyramid, kennysheep_small_spiral,
          nicolae_shop_overcharged_wands
Temple:   hellmonk_temple_forest_ring

Skill      XL: |  1  2  3  4  5  6  7 |
---------------+----------------------+-----
Armour         | 2 |  2.7
Throwing       | 2 |  2.7
Necromancy     | 1 |  1.8
Dodging        | 3 |  3.0
Fighting       | 3 |  3.1
Spellcasting   | 3 |  3.0
Translocations | 4 |  4.0
Invocations    | 1 |  1.0
Axes           | |  2.6

Action                   |  1- 3 |  4- 6 |  7- 9 || total
-------------------------+-------+-------+-------++-------
Melee: Hand axe          |    87 |   161 |     5 ||   253
       Punch             |     1 |     1 |       ||     2
       War axe           |       |       |     7 ||     7
Throw: Dart              |    14 |    33 |       ||    47
 Cast: Necrotise         |       |    38 |     7 ||    45
  Use: Scroll            |       |     4 |     3 ||     7
       Potion            |       |       |     2 ||     2
 Stab: Sleeping          |       |     1 |       ||     1
Armor: Leather armour    |    27 |    44 |    15 ||    86
Dodge: Dodged            |    52 |   136 |    26 ||   214

Table legend: (Time is in decaauts)
 A = Elapsed time spent in this place.
 B = Non-inter-level travel time spent in this place.
 C = Inter-level travel time spent in this place.
 D = Time resting spent in this place.
 E = Time spent auto-exploring this place.
 F = Levels seen in this place.
 G = Mean time per level.
                   A        B        C        D        E       F      G
               +--------+--------+--------+--------+--------+-----+--------+
         Total |   4419 |   4265 |    154 |    406 |   2755 |   6 |  736.5 |
       Dungeon |   4221 |   4074 |    147 |    406 |   2604 |   5 |  844.2 |
        Temple |    197 |    190 |      7 |      0 |    151 |   1 |  197.0 |
               +--------+--------+--------+--------+--------+-----+--------+

Top non-repeatable levels by time:
     D:2: 1278 daAuts
     D:4: 932 daAuts
     D:3: 923 daAuts
     D:1: 855 daAuts
     D:5: 231 daAuts
  Temple: 197 daAuts
